 Dungeon Crawl Stone Soup version 0.29-a0-824-gd827844252 (webtiles) character file.

Game seed: 8076816782273064962

27667 HessuHobo the Warrior (level 13, 0/130 HPs)
             Began as a Minotaur Fighter on July 9, 2022.
             Was an Elder of Okawaru.
             Slain by a nine-headed hydra (3 damage)
             ... while petrified by a basilisk
             ... on level 3 of the Lair of Beasts.
             The game lasted 00:18:48 (15349 turns).

HessuHobo the Warrior (Minotaur Fighter)           Turns: 15349, Time: 00:18:49

Health: 0/130      AC: 19    Str: 26    XL:     13   Next: 5%
Magic:  16/16      EV:  2    Int:  3    God:    Okawaru [****..]
Gold:   833        SH:  0    Dex: 21    Spells: 12/12 levels left

rFire   + . .      SeeInvis .   s - +3 battleaxe
rCold   . . .      Faith    .   (shield currently unavailable)
rNeg    + + +      Spirit   .   F - +0 plate armour
rPois   ∞          Reflect  +   (helmet restricted)
rElec   +          Harm     .   M - +0 cloak "Ehykk" {rElec rPois Int-2}
rCorr   .          Rampage  .   Q - +0 pair of gloves
Will    .....                   (no boots)
Stlth   ..........              R - amulet of reflection
HPRegen 0.31/turn               m - +6 ring of dexterity
MPRegen 0.15/turn               n - ring "Lieciss" {rF+ Dex+5 Slay+2}

@: petrified
A: horns 2, retaliatory headbutt
a: Renounce Religion, Heroism, Finesse


You were on level 3 of the Lair of Beasts.
You worshipped Okawaru.
Okawaru was greatly pleased with you.
You visited 3 branches of the dungeon, and saw 14 of its levels.
You also visited: Volcano.

You collected 833 gold pieces.

Inventory:

Hand Weapons
 a - a +1 war axe
 s - a +3 battleaxe (weapon)
Missiles
 f - 22 atropa-tipped darts
 g - 33 poisoned darts (quivered)
 D - 3 throwing nets
 W - 3 silver javelins
 X - 7 javelins
Armour
 b - a +1 scale mail
 c - a +0 buckler
 C - a +0 cloak
 F - a +0 plate armour (worn)
 M - the +0 cloak "Ehykk" (worn) {rElec rPois Int-2}
   (Okawaru gifted it to you on level 2 of the Lair of Beasts)

   Int:       It affects your intelligence (-2).
   rElec:     It insulates you from electricity.
   rPois:     It protects you from poison.
 Q - a +0 pair of gloves (worn)
Jewellery
 m - a +6 ring of dexterity (left hand)
 n - the ring "Lieciss" (right hand) {rF+ Dex+5 Slay+2}
   (You found it on level 2 of the Dungeon)

   [ring of protection from fire]

   Dex:       It affects your dexterity (+5).
   Slay:      It affects your accuracy & damage with ranged weapons and melee
   (+2).
   rF:        It protects you from fire.
 H - a +6 ring of intelligence
 J - an amulet of faith
 N - a +4 ring of evasion
 R - an amulet of reflection (around neck)
Wands
 w - a wand of charming (29)
 y - a wand of iceblast (9)
 E - a wand of mindburst (17)
 I - a wand of flame (22)
 P - a wand of digging (11)
Scrolls
 h - 4 scrolls of enchant weapon
 i - 2 scrolls of blinking
 k - 2 scrolls of fog
 o - 4 scrolls of summoning
 u - 2 scrolls of amnesia
 x - a scroll of identify
 A - 6 scrolls of enchant armour
 B - a scroll of poison {unknown}
 L - 2 scrolls of teleportation
 O - 2 scrolls of silence {unknown}
 S - a scroll of vulnerability {unknown}
 T - a scroll of fear {unknown}
 U - 4 scrolls of magic mapping
 Z - a scroll of immolation {unknown}
Potions
 d - a potion of might
 e - a potion of berserk rage {unknown}
 j - a potion of lignification {unknown}
 l - 2 potions of degeneration
 p - a potion of brilliance
 q - 4 potions of heal wounds
 r - 3 potions of haste
 t - 5 potions of resistance
 v - 2 potions of flight
 z - a potion of attraction {unknown}
 G - 2 potions of curing
 K - 4 potions of cancellation
 V - a potion of invisibility {unknown}
 Y - a potion of mutation {unknown}


   Skills:
 + Level 16.6 Fighting
 + Level 14.2 Axes
 - Level 6.2 Throwing
 - Level 13.0 Armour
 - Level 3.6 Shields
 + Level 5.3 Invocations
 + Level 4.9 Evocations


You had 12 spell levels left.
You didn't know any spells.
Your spell library contained the following spells:

 Spells                   Type           Power      Damage    Failure   Level
 Apportation              Tloc           0%         N/A       99%         1
 Magic Dart               Conj           0%         1d3       99%         1
 Shock                    Conj/Air       0%         1d3       99%         1
 Slow                     Hex            0%         N/A       99%         1
 Blink                    Tloc           0%         N/A       100%        2
 Ensorcelled Hibernation  Hex/Ice        0%         N/A       100%        2
 Passwall                 Tmut/Erth      0%         N/A       100%        2
 Confusing Touch          Hex            0%         N/A       100%        3
 Conjure Flame            Conj/Fire      0%         6-21      100%        3
 Ignite Poison            Fire/Tmut/Pois 0%         N/A       100%        3
 Lesser Beckoning         Tloc           0%         N/A       100%        3
 Mephitic Cloud           Conj/Pois/Air  0%         N/A       100%        3
 Swiftness                Air            0%         N/A       100%        3
 Vampiric Draining        Necr           0%         2d6       100%        3
 Airstrike                Air            0%         0-1+      100%        4
 Fulminant Prism          Conj/Hex       0%         3d6       100%        4
 Iskenderun's Mystic Bla  Conj/Tloc      0%         2d3       100%        4
 Sticky Flame             Conj/Fire      0%         2d3       100%        4
 Alistair's Intoxication  Tmut/Pois      0%         N/A       100%        5
 Borgnjor's Vile Clutch   Necr/Erth      0%         N/A       100%        5
 Lee's Rapid Deconstruct  Erth           0%         3d5*      100%        5
 Manifold Assault         Tloc           0%         N/A       100%        5
 Conjure Ball Lightning   Conj/Air       0%         3x3d6     100%        6
 Storm Form               Tmut/Air       0%         N/A       100%        7
 Discord                  Hex            0%         N/A       100%        8
 Disjunction              Tloc           0%         N/A       100%        8
 Maxwell's Capacitive Co  Air            0%         ∞         100%        8
 Call Imp                 Summ           Unusable   N/A       N/A         2
 Animate Dead             Necr           Unusable   N/A       N/A         4
 Summon Lightning Spire   Summ/Air       Unusable   N/A       N/A         4
 Death Channel            Necr           Unusable   N/A       N/A         6

Dungeon Overview and Level Annotations

Branches:
Dungeon (10/15)            Temple (1/1) D:7            Lair (3/6) D:8
 Shoals (0/4) Lair:2        Snake (0/4) Lair:2      Volcano (visited)
    Orc: D:9-12

Altars:
Ashenzari
Cheibriados
Dithmenos
Elyvilon
Fedhas
Gozag
Hepliaklqana
Kikubaaqudgha
Makhleb
Nemelex Xobeh
Okawaru
Qazlal
Ru
Sif Muna
Trog
Uskayaw
Vehumet
Wu Jian
Xom
Yredelemnul
Zin
The Shining One

Annotations:
D:3 1 runed translucent door, exclusions: door and 1 more exclusion, Crazy Yiuf, Natasha
D:5 2 transporters, martbhell's ghost, novice MiBe
D:9 exclusion: orange crystal statue
Lair:2 exclusions: killer bee, plant and 3 more exclusions


Innate Abilities, Weirdness & Mutations

You have a pair of horns on your head.
You reflexively headbutt those who attack you in melee.


Message History

You kill the basilisk!
Okawaru accepts your kill. The nine-headed hydra bites you.
You block the nine-headed hydra's attack. x2
The nine-headed hydra bites you. x2
The nine-headed hydra bites you but does no damage. x4
You have turned to stone.
The nine-headed hydra bites you but does no damage.
The nine-headed hydra bites you.
The nine-headed hydra bites you but does no damage. x4
The nine-headed hydra bites you!
* * * LOW HITPOINT WARNING * * *
The nine-headed hydra bites you but does no damage.
The nine-headed hydra bites you. The nine-headed hydra bites you.
* * * LOW HITPOINT WARNING * * *
The nine-headed hydra bites you but does no damage. x3
The nine-headed hydra bites you!
* * * LOW HITPOINT WARNING * * *
The nine-headed hydra bites you.
* * * LOW HITPOINT WARNING * * *
The nine-headed hydra bites you but does no damage. x2
The nine-headed hydra bites you!
* * * LOW HITPOINT WARNING * * *
The nine-headed hydra bites you!
* * * LOW HITPOINT WARNING * * *
The nine-headed hydra bites you but does no damage. x4
The nine-headed hydra bites you!
* * * LOW HITPOINT WARNING * * *
The nine-headed hydra bites you!
* * * LOW HITPOINT WARNING * * *
The nine-headed hydra bites you!
* * * LOW HITPOINT WARNING * * *
The nine-headed hydra bites you!
* * * LOW HITPOINT WARNING * * *
The nine-headed hydra bites you but does no damage.
The nine-headed hydra bites you.
* * * LOW HITPOINT WARNING * * *
The nine-headed hydra bites you!
You die...

#..## ##.### #...#
### ### #.###
###.###.###
#....#....##
##..........#
#...........#
##..........+
#.D@........#
................#
.................#
................##
.....P..........#
....P#P...##.####
....####### ##
#...


You could see a nine-headed hydra.

Vanquished Creatures
  A hydra (Lair:2)
  A two-headed ogre (D:8)
  A deep elf archer (Volcano)
  7 deep elf pyromancers (Volcano)
  Pikel (D:6)
  An oklob plant (Lair:2)
  A merfolk siren (Lair:2)
  5 black mambas
  3 cane toads
  An unseen horror zombie (D:8)
  Maggie (D:6)
  A rime drake (Lair:1)
  4 komodo dragons
  A kobold demonologist (D:10)
  A troll (D:10)
  3 merfolk (Lair:2)
  2 hornets
  Prince Ribbit (D:8)
  Sigmund (D:5)
  5 wyverns
  5 basilisks
  6 fire elementals (Volcano)
  31 yaks
  7 steam dragons
  Edmund (D:6)
  16 water moccasins
  4 hell hounds (Volcano)
  4 sky beasts
  A hornet zombie (D:8)
  2 ice beasts
  2 orc warriors
  5 black bears
  An ogre (D:6)
  2 phantoms
  5 centaurs
  A lemure (D:6)
  6 bullfrogs
  2 kobold brigands (D:10)
  4 scorpions
  2 wyvern zombies (D:8)
  A gnoll sergeant (D:10)
  Blork the orc (D:6)
  11 wights
  2 killer bees (Lair:2)
  An electric eel (Lair:3)
  8 howler monkeys
  3 centaur zombies (D:8)
  2 jellies
  2 hounds (D:5)
  13 orc priests
  A gnoll bouda (D:10)
  An iron imp (D:7)
  Ijyb (D:4)
  4 iguanas
  13 orc wizards
  A killer bee zombie (D:8)
  18 gnolls
  2 river rats (D:5)
  6 adders
  2 shadow imps
  2 ufetubi
  4 worms
  2 dart slugs (D:2)
  34 orcs
  9 endoplasms
  4 giant cockroaches
  6 goblins
  10 hobgoblins
  9 jackals
  5 quokkas
  A ball python (D:3)
  4 bats (D:1)
  4 frilled lizards
  12 kobolds
  8 rats
  A spectral orc (D:5)
357 creatures vanquished.

Vanquished Creatures (others)
  A bullfrog (Lair:1)
  18 fungi
  40 plants
  A withered plant (D:8)
60 creatures vanquished.

Grand Total: 417 creatures vanquished

Notes
Turn   | Place    | Note
-------+----------+-------------------------------------------
     0 | D:1      | HessuHobo the Minotaur Fighter began the quest for the Orb.
     0 | D:1      | Reached XP level 1. HP: 19/19 MP: 0/0
   175 | D:1      | Reached XP level 2. HP: 26/27 MP: 1/1
   299 | D:1      | Reached skill level 4 in Fighting
   870 | D:2      | Found a faded altar of an unknown god.
   913 | D:2      | Identified the ring "Lieciss" {rF+ Dex+5 Slay+2}
   934 | D:2      | Found a sacrificial altar of Ru.
   937 | D:2      | Reached XP level 3. HP: 33/33 MP: 2/2
  1126 | D:2      | Reached skill level 1 in Throwing
  1557 | D:2      | Reached XP level 4. HP: 41/41 MP: 3/3
  1763 | D:3      | Noticed a scorpion
  1763 | D:3      | Found a sparkling altar of Nemelex Xobeh.
  1770 | D:3      | Killed a scorpion
  1771 | D:3      | Reached XP level 5. HP: 34/47 MP: 4/4
  2228 | D:3      | Found a radiant altar of Vehumet.
  2272 | D:3      | Reached skill level 5 in Fighting
  2272 | D:3      | Reached skill level 5 in Armour
  2456 | D:3      | Found a shadowy altar of Dithmenos.
  2636 | D:3      | Found a runed translucent door.
  2637 | D:3      | Noticed Crazy Yiuf
  2637 | D:3      | Noticed Natasha
  2656 | D:3      | Found an ornate altar of the Wu Jian Council.
  2678 | D:3      | Found an ancient bone altar of Kikubaaqudgha.
  2759 | D:3      | Reached XP level 6. HP: 39/56 MP: 5/5
  3006 | D:3      | Reached skill level 10 in Fighting
  3006 | D:3      | Reached XP level 7. HP: 73/73 MP: 6/6
  3007 | D:3      | Reached skill level 13 in Fighting
  3007 | D:3      | Reached skill level 10 in Armour
  3007 | D:3      | Reached XP level 8. HP: 86/86 MP: 7/7
  3312 | D:4      | Noticed Ijyb
  3338 | D:4      | Killed Ijyb
  3525 | D:4      | Found a basalt altar of Yredelemnul.
  3538 | D:4      | Identified the +9 falchion "Fekhlohiz" {vorpal, Int+4}
  3882 | D:5      | Entered Level 5 of the Dungeon
  4064 | D:5      | Reached skill level 10 in Axes
  4208 | D:5      | Reached XP level 9. HP: 93/93 MP: 8/8
  4310 | D:5      | Found a hazy altar of Hepliaklqana.
  4368 | D:5      | Noticed Sigmund
  4375 | D:5      | Killed Sigmund
  4513 | D:5      | Noticed martbhell's ghost (novice MiBe)
  4523 | D:5      | Found a transporter.
  4527 | D:5      | Found a transporter.
  4795 | D:6      | Noticed Pikel
  4809 | D:6      | Killed Pikel
  4916 | D:6      | Noticed Blork the orc
  4927 | D:6      | Killed Blork the orc
  4977 | D:6      | Noticed Maggie
  4986 | D:6      | Killed Maggie
  5006 | D:6      | Noticed Edmund
  5015 | D:6      | Killed Edmund
  5346 | D:6      | Reached XP level 10. HP: 91/93 MP: 9/9
  6156 | D:7      | Reached skill level 14 in Fighting
  6305 | D:7      | Found a staircase to the Ecumenical Temple.
  6382 | Temple   | Entered the Ecumenical Temple
  6432 | Temple   | Became a worshipper of Warmaster Okawaru
  6815 | D:7      | Found a snail-covered altar of Cheibriados.
  7119 | D:7      | Reached * piety under Okawaru
  7477 | D:8      | Reached ** piety under Okawaru
  7769 | D:8      | Reached *** piety under Okawaru
  7776 | D:7      | Reached XP level 11. HP: 63/111 MP: 10/10
  8052 | D:8      | Noticed a two-headed ogre
  8060 | D:8      | Killed a two-headed ogre
  8253 | D:8      | Reached **** piety under Okawaru
  8504 | D:8      | Found a staircase to the Lair.
  9049 | D:8      | Noticed an angel
  9050 | D:8      | Found a glowing silver altar of Zin.
  9050 | D:8      | Noticed Prince Ribbit
  9056 | D:8      | Killed Prince Ribbit
  9057 | D:8      | Reached skill level 15 in Fighting
  9168 | D:8      | Found a glowing golden altar of the Shining One.
  9214 | D:9      | Noticed an orange crystal statue
  9914 | D:9      | Received a gift from Okawaru
  9992 | D:9      | Reached ***** piety under Okawaru
 10094 | D:10     | Entered Level 10 of the Dungeon
 10554 | D:10     | Found a stormy altar of Qazlal.
 10558 | D:10     | Received a gift from Okawaru
 10720 | D:10     | Noticed a soul eater
 11228 | Lair:1   | Entered Level 1 of the Lair of Beasts
 11256 | Lair:1   | Received a gift from Okawaru
 11265 | Lair:1   | Reached skill level 1 in Invocations
 11265 | Lair:1   | Reached skill level 1 in Evocations
 11390 | Lair:1   | Received a gift from Okawaru
 11576 | Lair:1   | Found a dark tunnel.
 11676 | Volcano  | Entered a volcano
 11754 | Volcano  | Noticed a deep elf pyromancer
 11763 | Volcano  | Received a gift from Okawaru
 11765 | Volcano  | Reached XP level 12. HP: 80/122 MP: 12/12
 11921 | Volcano  | Received a gift from Okawaru
 12253 | Volcano  | Reached skill level 16 in Fighting
 13131 | Lair:1   | You fall into a shaft and drop 1 floor!
 13153 | Lair:1   | Received a gift from Okawaru
 13154 | Lair:1   | Found the +7 lajatang of Order {silver, rMut}
 14018 | Lair:2   | Found a staircase to the Snake Pit.
 14275 | Lair:2   | Reached ****** piety under Okawaru
 14420 | Lair:2   | Found a staircase to the Shoals.
 14430 | Lair:2   | Identified the +0 cloak "Ehykk" {rElec rPois Int-2}
                  | (Okawaru gifted it to you on level 2 of the Lair of Beasts)
 14430 | Lair:2   | Received a gift from Okawaru
 14436 | Lair:2   | Reached skill level 5 in Invocations
 14960 | Lair:2   | Noticed a five-headed hydra
 14975 | Lair:2   | Killed an 11-headed hydra
 14976 | Lair:2   | Reached XP level 13. HP: 72/130 MP: 12/15
 15348 | Lair:3   | HP: 4/130 [nine-headed hydra (4)]
 15349 | Lair:3   | Slain by a nine-headed hydra

Illustrated notes

Levels and vault maps discovered:
D:1:      lightli_arrival_statue_moat, layout_basic,
          kennysheep_decorative_pillar, minmay_misc_feat_diagonals,
          minmay_misc_feat_encased
D:2:      layout_basic, basic_altar, chequers_ecumenical_altar_island,
          st_stairs_13
D:3:      layout_rooms, overflow_temple_1_default, amcnicky_altar_gilded,
          nicolae_dithmenos_the_darkroom, nzn_wu_jian_contemplation,
          nemelex_xobeh_ov_fountains_minmay, kennysheep_orc_chapel,
          uniq_crazy_yiuf_cottage, uniq_natasha
D:4:      layout_loops_ring, mainiacjoe_overflow_small_starburst, uniq_ijyb
D:5:      layout_rooms, nicolae_hepliaklqana_monster_ancestors,
          gup_sewer_entry_bubbles, gammafunk_ghost_hive,
          minmay_tree_intersection, interstate_on_off, minivault_4,
          chequers_serial_rivers_micro_b, minmay_crossroads, uniq_sigmund
D:6:      kb_forest_paths, layout_basic, uniq_edmund, uniq_pikel,
          uniq_blork_the_orc, uniq_maggie
D:7:      layout_layer_cave, slow_altar_2, temple_pool_b,
          minmay_misc_feat_more_columns
D:8:      layout_cave_pools, tso_altar, zin_angel, minmay_lair_entry_grove,
          serial_undead, serial_undead_f, serial_undead_d, serial_undead_e,
          serial_undead_a, serial_undead_d, serial_undead_e, uniq_prince_ribbit1
D:9:      layout_roguey, disabler_island
D:10:     layout_long_grid, mainiacjoe_overflow_surrounded_room
Temple:   nicolae_temple_ecumenical_triangle
Lair:1:   layout_loops_ring, nicolae_volcano_entry_hallway, lemuel_old_faithful
Lair:2:   layout_roguey [special_room_bee], elwin_shoals_entry_stream,
          minmay_snake_entry_six_corridors, special_room, beast_lair_carwin_4
Lair:3:   layout_roguey, serial_bayou_crossing, infiniplex_staircase_pool

Skill      XL: |  1  2  3  4  5  6  7  8  9 10 11 12 |
---------------+-------------------------------------+-----
Armour         | 4 5 8 10 11 12 13 | 13.0
Fighting       | 4 5 10 13 14 15 16 | 16.6
Axes           | 3 4 8 9 10 11 13 14 | 14.2
Throwing       | 1 2 6 |  6.2
Invocations    | 2 5 |  5.3
Evocations     | 1 4 |  4.9
Shields        | |  3.6

Action                   |  1- 3 |  4- 6 |  7- 9 | 10-12 | 13-15 || total
-------------------------+-------+-------+-------+-------+-------++-------
Melee: War axe           |    74 |    59 |   153 |     2 |       ||   288
       Headbutt          |    10 |    14 |    39 |    95 |     4 ||   162
       Battleaxe         |       |       |       |   439 |    19 ||   458
Throw: Dart              |       |       |       |       |     1 ||     1
Invok: Heroism           |       |       |       |     1 |       ||     1
  Use: Potion            |       |     4 |     2 |     1 |       ||     7
       Scroll            |       |     1 |     4 |    10 |       ||    15
Armor: Scale mail        |    33 |    34 |    25 |       |       ||    92
       Plate armour      |       |       |    44 |   386 |    53 ||   483
Dodge: Dodged            |    45 |    25 |    51 |   220 |    15 ||   356
Block: Buckler           |    22 |    15 |    36 |       |       ||    73
       Other             |       |       |       |     6 |     7 ||    13

Table legend: (Time is in decaauts)
 A = Elapsed time spent in this place.
 B = Non-inter-level travel time spent in this place.
 C = Inter-level travel time spent in this place.
 D = Time resting spent in this place.
 E = Time spent auto-exploring this place.
 F = Levels seen in this place.
 G = Mean time per level.
                   A        B        C        D        E       F      G
               +--------+--------+--------+--------+--------+-----+--------+
         Total |  15466 |  14991 |    475 |   5935 |   6769 |  15 | 1031.1 |
       Dungeon |  11272 |  10828 |    444 |   3620 |   5556 |  10 | 1127.2 |
        Temple |     63 |     63 |      0 |      0 |     23 |   1 |   63.0 |
          Lair |   3104 |   3074 |     30 |   1549 |   1096 |   3 | 1034.7 |
       Volcano |   1025 |   1025 |      0 |    766 |     94 |   1 | 1025.0 |
               +--------+--------+--------+--------+--------+-----+--------+

Top non-repeatable levels by time:
     D:7: 2191 daAuts
  Lair:1: 1654 daAuts
     D:2: 1385 daAuts
  Lair:2: 1363 daAuts
     D:6: 1363 daAuts
    D:10: 1112 daAuts
 Volcano: 1025 daAuts
     D:5: 945 daAuts
     D:9: 915 daAuts
     D:1: 889 daAuts
     D:4: 847 daAuts
     D:8: 825 daAuts
     D:3: 796 daAuts
  Lair:3: 86 daAuts
  Temple: 63 daAuts
